 Dungeon Crawl Stone Soup version 0.18.1-47-g9310371 (webtiles) character file.

112 Jerry the Chiller (level 4, -1/33 HPs)
             Began as a Draconian Ice Elementalist on June 16, 2016.
             Slain by Crazy Yiuf
             ... wielding a +2 quarterstaff of chaos
              (16 damage)
             ... on level 2 of the Dungeon.
             The game lasted 00:06:38 (1573 turns).

Jerry the Chiller (Draconian Ice Elementalist)      Turns: 1573, Time: 00:06:39

Health: -1/33      AC:  6    Str: 10    XL:     4   Next: 63%
Magic:  0/7        EV: 11    Int: 17    God:
Gold:   67         SH:  0    Dex:  7    Spells: 2 memorised, 4 levels left

rFire  . . .     SeeInvis .     d - +1 dagger
rCold  . . .     Gourm    .     (armour unavailable)
rNeg   . . .     Faith    .     (no shield)
rPois  .         Spirit   .     (helmet restricted)
rElec  .         Dismiss  .     j - +0 cloak
rCorr  .         Reflect  .     (no gloves)
SustAt .         Harm     .     (no boots)
MR     .....                    (no amulet)
Stlth  +.........               (no ring)
                                c - -4 ring of dexterity (curse)

@: not resistant to hostile enchantments, very unstealthy
A: unfitting armour, cold-blooded, AC +5
a: no special abilities


You were on level 2 of the Dungeon.
You were not hungry.

You visited 1 branch of the dungeon, and saw 2 of its levels.

You collected 67 gold pieces.

Inventory:

Hand Weapons
 d - a +1 dagger (weapon)
Armour
 j - a +0 cloak (worn)
Jewellery
 c - a cursed -4 ring of dexterity (left hand)
Scrolls
 h - a scroll of noise
 l - a scroll of identify {unknown}
Potions
 e - a potion of brilliance {unknown}
 f - a potion of mutation {unknown}
 g - a potion of agility {unknown}
 k - a potion of heal wounds {unknown}
Books
 a - a book of Frost

   Spells                             Type                      Level
   a - Freeze                         Ice                          1
   b - Throw Frost                    Conjuration/Ice              2
   c - Ozocubu's Armour               Charms/Ice                   3
   d - Throw Icicle                   Conjuration/Ice              4
   e - Summon Ice Beast               Ice/Summoning                4
Comestibles
 b - a bread ration
 i - 2 chunks of flesh


   Skills:
 - Level 1.7 Dodging
 - Level 1.7 Stealth
 - Level 2.0 Spellcasting
 - Level 1.0 Conjurations
 + Level 5.4 Ice Magic


You had 4 spell levels left.
You knew the following spells:

 Your Spells              Type           Power        Failure   Level  Hunger
a - Freeze                Ice            ###.         2%          1    #......
b - Throw Frost           Conj/Ice       ##....       10%         2    ###....


Dungeon Overview and Level Annotations

Branches:
Dungeon (2/15)

Altars:
Ashenzari

Annotations:
D:2 Crazy Yiuf


Innate Abilities, Weirdness & Mutations

Your plain brown scales are hard (AC +5).
Your body does not fit into most forms of armour.
You are cold-blooded and may be slowed by cold attacks.


Message History

The puff of frost hits Crazy Yiuf.
Crazy Yiuf is severely wounded.
Casting: Throw Frost
Confirm with . or Enter, or press ? or * to list all spells.
You don't have enough magic to cast that spell.
Crazy Yiuf laughs, "Sif Muna!
Adder hand dark."
Crazy Yiuf whimpers, "Lugonu toodlewoodle cloud!"
Casting: Throw Frost
Confirm with . or Enter, or press ? or * to list all spells.
Aiming: Throw Frost
Press: ? - help, Shift-Dir - straight line, f/p - Crazy Yiuf
Aim: Crazy Yiuf, wielding a quarterstaff of chaos and wearing a cloak (severely wounded)
The puff of frost hits Crazy Yiuf.
Crazy Yiuf is almost dead.
Crazy Yiuf hits you with a quarterstaff of chaos!
You closely miss Crazy Yiuf.
Crazy Yiuf is almost dead.
Crazy Yiuf hits you with a quarterstaff of chaos!
You are electrocuted!
You die...

...#...#
...#...###########
...#.............#
################.##
# #..# #* ##.# .*
#.# .* #######.##
*#
*****###.#..g@..#
,*
*,,,*#g.#.......#
,*
#.....####......#
** #)..#** ##....##
###** ###### ******
,,,,,*


You could see Crazy Yiuf.

Vanquished Creatures
  Natasha (thrice) (D:2)
  An adder (D:2)
  An ooze (D:1)
  A dart slug (D:1)
  A giant cockroach (D:2)
  2 goblins
  4 hobgoblins (D:1)
  2 kobolds (D:1)
  4 bats
  2 giant newts (D:1)
  2 rats
23 creatures vanquished.

Notes
Turn   | Place    | Note
--------------------------------------------------------------
     0 | D:1      | Jerry the Draconian Ice Elementalist began the quest for the Orb.
     0 | D:1      | Reached XP level 1. HP: 14/14 MP: 3/3
   435 | D:1      | Reached XP level 2. HP: 3/20 MP: 1/5
  1005 | D:1      | Reached skill level 4 in Ice Magic
  1128 | D:1      | Learned a level 2 spell: Throw Frost
  1159 | D:2      | Reached XP level 3. HP: 26/26 MP: 0/6
  1228 | D:2      | Noticed Natasha
  1237 | D:2      | Killed Natasha
  1315 | D:2      | Noticed Natasha
  1324 | D:2      | Killed Natasha
  1324 | D:2      | Reached skill level 5 in Ice Magic
  1324 | D:2      | Reached XP level 4. HP: 14/33 MP: 0/7
  1336 | D:2      | Noticed Natasha
  1338 | D:2      | Found a shattered altar of Ashenzari.
  1443 | D:2      | Killed Natasha
  1560 | D:2      | Noticed Crazy Yiuf
  1573 | D:2      | Slain by Crazy Yiuf

Skill      XL: |  1  2  3 |
---------------+----------+-----
Ice Magic      | 4 5 |  5.4
Dodging        | |  1.7
Stealth        | |  1.7
Spellcasting   | |  2.0
Conjurations   | |  1.0

Action                   |  1- 3 |  4- 6 || total
-------------------------+-------+-------++-------
Melee: Dagger            |    75 |     5 ||    80
       Tailslap          |     4 |       ||     4
 Cast: Freeze            |    13 |       ||    13
       Throw Frost       |     8 |     6 ||    14
  Use: Scroll            |     5 |       ||     5
  Eat: Chunk             |     2 |     1 ||     3
Armor: Skin              |    31 |     1 ||    32
Dodge: Dodged            |    57 |     3 ||    60
